 Dungeon Crawl Stone Soup version 0.32-a0-918-g0f22ef8d61 (webtiles) character file.

Game seed: 7660393120177225269

2282 innerfire43 the Shooter (level 9, -4/43 (69) HPs)
             Began as a Demonspawn Wanderer on Apr 11, 2024.
             Slain by a wight
             ... wielding a +4 scimitar
              (5 damage)
             ... on level 6 of the Dungeon.
             The game lasted 00:13:03 (7063 turns).

innerfire43 the Shooter (Demonspawn Wanderer)       Turns: 7063, Time: 00:13:04

HP:   -4/43 (69)    AC:  7    Str: 16    XL:     9   Next: 16%
MP:   13/13         EV: 19    Int: 12    God:
Gold: 385           SH:  0    Dex: 16    Spells: 9/10 levels left

rFire   . . .        a - +2 sling (flame)
rCold   . . .        (no shield)
rNeg    . . .        v - +5 robe "Guirrei" {rElec Str+2}
rPois   +            (no helmet)
rElec   +            (no cloak)
rCorr   .            (no gloves)
SInv    .            (no boots)
Will    .....        (no amulet)
Stlth   ++           h - ring of poison resistance
HPRegen 0.27/turn    r - +5 ring of evasion
MPRegen 0.13/turn

%: no passive effects
@: very heavily drained
A: powered by death 1, powered by pain 2, weakness stinger 2
a: no special abilities


You were on level 6 of the Dungeon.
You visited 1 branch of the dungeon, and saw 7 of its levels.

You collected 385 gold pieces.

Inventory:

Hand Weapons
 a - a +2 sling of flaming (weapon)
 b - a +4 great sword
 o - a +0 shortbow
 B - a +0 short sword of venom
 E - a +0 whip of distortion
Missiles
 e - 2 throwing nets
Armour
 i - a +0 ring mail
 v - the +5 robe "Guirrei" (worn) {rElec Str+2}
   (You found it on level 4 of the Dungeon)

   Str+2:     It affects your strength (+2).
   rElec:     It insulates you from electricity.
 x - a +2 robe of positive energy
Jewellery
 h - a ring of poison resistance (left hand)
 r - a +5 ring of evasion (right hand)
Wands
 t - a wand of polymorph (7)
 D - a wand of flame (10)
Scrolls
 d - 2 scrolls of revelation
 f - 2 scrolls of teleportation
 j - 4 scrolls of enchant armour
 k - a scroll of immolation
 q - 3 scrolls of torment
 y - a scroll of poison
Potions
 c - a potion of lignification
 g - 3 potions of enlightenment
 m - a potion of might
 n - 3 potions of magic
 p - a potion of brilliance {unknown}
 u - a potion of haste {unknown}
 w - 2 potions of cancellation {unknown}
 z - 2 potions of mutation {unknown}
 A - a potion of resistance {unknown}
 C - a potion of degeneration {unknown}


   Skills:
 * Level 6.0 Fighting
 * Level 0.5 Long Blades
 + Level 6.7 Ranged Weapons
 - Level 2.2 Armour
 + Level 6.4 Dodging
 - Level 1.0 Stealth
 - Level 1.0 Spellcasting
 - Level 1.0 Summonings
 + Level 5.8 Invocations


You had 9 spell levels left.
You knew the following spells:

 Your Spells              Type           Power      Damage    Failure   Level
a - Summon Small Mammal   Summ           12%        N/A       21%         1

Your spell library contained the following spells:

 Spells                   Type           Power      Damage    Failure   Level
 Apportation              Tloc           0%         N/A       30%         1
 Necrotise                Necr           0%         1d4       30%         1
 Sting                    Conj/Alch      0%         1d3       30%         1
 Call Canine Familiar     Summ           3%         N/A       52%         3


Dungeon Overview and Level Annotations

Branches:
Dungeon (7/15)
 Temple: D:4-7

Altars:
Ashenzari
Ru


Innate Abilities, Weirdness & Mutations

You regenerate a little health from kills.
You sometimes gain power by taking damage.
You have a tail ending in a sharp stinger.


Message History

The wight hits you with a +4 scimitar.
You shoot a sling bullet.
The sling bullet barely misses the wight.
The orc hits you with a +0 club. The wight misses you.
The orc hits you but does no damage.
You shoot a sling bullet.
The sling bullet hits the wight but does no damage.
The wight closely misses you. The orc closely misses you.
You shoot a sling bullet. The sling bullet hits the wight.
The sling bullet burns the wight.
The wight is lightly damaged.
The wight completely misses you. The orc hits you but does no damage.
You shoot a sling bullet.
The sling bullet hits the wight but does no damage.
The wight is lightly damaged.
The wight hits you with a +4 scimitar!
* * * LOW HITPOINT WARNING * * *
The orc hits you but does no damage.
You shoot a sling bullet.
The sling bullet hits the wight but does no damage.
The wight is lightly damaged.
The wight completely misses you. The orc hits you but does no damage.
You feel better. The wight closely misses you. The orc hits you with a +0 club.
* * * LOW HITPOINT WARNING * * *
You shoot a sling bullet.
The sling bullet barely misses the wight.
The wight completely misses you. The orc hits you but does no damage.
You shoot a sling bullet.
The sling bullet hits the wight but does no damage.
The wight is lightly damaged.
The wight hits you with a +4 scimitar!
* * * LOW HITPOINT WARNING * * *
You feel drained.
* * * LOW HITPOINT WARNING * * *
The orc misses you.
You shoot a sling bullet.
The sling bullet hits the wight but does no damage.
The wight is lightly damaged.
The wight hits you with a +4 scimitar.
You die...

#.# #..# #............... #.#
#..# ##....##....###.. ##.# #..##
#....###...###... #..### #...#
##...####...# #... #....###...#
#....# #...## #..# ...........##
##....# #..## ##..#
...###......###.....###..# #..##
...# ####....##.o...##...# #..#
...# ##......@z.......# ##..#
..## ##.....[......>..# #..##
..## #................###..#
...## ##.....................##
....####.......................##
......#...............#######...#
...................#### ##...
.................### ##..
.................# ##.


You could see a wight and an orc.

Vanquished Creatures
  Sigmund (D:4)
  A steam dragon (D:6)
  A sky beast (D:6)
  2 ogres (D:6)
  2 phantoms
  2 kobold brigands
  A bullfrog (D:6)
  A scorpion (D:6)
  3 wights (D:6)
  A howler monkey (D:4)
  2 bombardier beetles
  A crimson imp (D:4)
  6 hounds
  2 jellies
  3 orc priests
  A gnoll bouda (D:6)
  7 iguanas
  A sleepcap (D:5)
  7 orc wizards
  7 gnolls
  8 adders
  2 white imps
  4 dart slugs
  5 ribbon worms
  22 orcs
  10 endoplasms
  4 giant cockroaches
  7 goblins
  6 hobgoblins
  18 kobolds
  2 quokkas (D:3)
  10 ball pythons
  4 bats
  4 frilled lizards
  A goblin skeleton (D:4)
  2 hobgoblin zombies (D:4)
  2 kobold zombies (D:4)
  An orc zombie (D:4)
  10 rats
174 creatures vanquished.

Vanquished Creatures (collateral kills)
  A ball python (D:1)
1 creature vanquished.

Grand Total: 175 creatures vanquished

Notes
Turn   | Place    | Note
-------+----------+-------------------------------------------
     0 | D:1      | innerfire43 the Demonspawn Wanderer began the quest for the
                  | Orb.
     0 | D:1      | innerfire43 set off with the following items: a +2 sling, a
                  | +0 ring mail, a potion of lignification; and the following
                  | spell memorised: Summon Small Mammal; and the following
                  | spells available to memorise: Call Canine Familiar.
     0 | D:1      | Reached XP level 1. HP: 13/13 MP: 2/2
    78 | D:1      | Gained mutation: You regenerate a little health from kills.
                  | [demonic ancestry]
    78 | D:1      | Reached XP level 2. HP: 20/20 MP: 0/3
   302 | D:1      | Reached skill level 1 in Fighting
   555 | D:1      | Reached XP level 3. HP: 26/26 MP: 4/4
  1308 | D:2      | Found a sacrificial altar of Ru.
  1428 | D:2      | Gained mutation: You sometimes gain a little power by
                  | taking damage. [demonic ancestry]
  1428 | D:2      | Reached XP level 4. HP: 9/32 MP: 0/5
  1574 | D:2      | Noticed a phantom
  1586 | D:2      | Killed a phantom
  1587 | D:2      | Gained mutation: You have a small tail. [demonic ancestry]
  1587 | D:2      | Reached XP level 5. HP: 25/38 MP: 6/6
  2759 | D:3      | Reached XP level 6. HP: 40/46 MP: 7/7
  2991 | D:4      | Identified the +5 robe "Guirrei" {rElec Str+2}
  3149 | D:4      | Noticed Sigmund
  3182 | D:4      | Killed Sigmund
  3183 | D:4      | Reached skill level 5 in Ranged Weapons
  3316 | D:4      | Gained mutation: You have a tail ending in a sharp stinger.
                  | [demonic ancestry]
  3316 | D:4      | Reached XP level 7. HP: 52/52 MP: 8/8
  3776 | D:5      | Entered Level 5 of the Dungeon
  3868 | D:5      | Reached skill level 5 in Dodging
  4232 | D:5      | Gained mutation: You sometimes gain power by taking damage.
                  | [demonic ancestry]
  4232 | D:5      | Reached XP level 8. HP: 54/61 MP: 9/9
  4325 | D:5      | Reached skill level 1 in Invocations
  5348 | D:6      | Reached skill level 5 in Fighting
  5832 | D:6      | Reached skill level 5 in Invocations
  5939 | D:6      | Found a broken altar of Ashenzari.
  6237 | D:6      | Reached XP level 9. HP: 28/68 MP: 13/13
  6908 | D:6      | HP: 1/48 [wight/+1 mace (5)]
  7062 | D:6      | HP: 1/43 [wight/+4 scimitar (2)]
  7063 | D:6      | Slain by a wight

Illustrated notes

Levels and vault maps discovered:
D:1:      lightli_arrival_lavapool, layout_loops_ring
D:2:      layout_basic, basic_altar, minmay_randomly_rotated_circles
D:3:      layout_basic, gup_sewer_entry_spiral, kennysheep_another_room
D:4:      layout_loops_ring, nicolae_tso_besieged_by_evil, uniq_sigmund
D:5:      layout_basic
D:6:      layout_layer_cave, ashenzari_altar_1
D:7:      layout_rooms, minmay_temple_entry_water_ring

Skill      XL: |  1  2  3  4  5  6  7  8  9 |
---------------+----------------------------+-----
Armour         | 2 |  2.2
Ranged Weapons | 4 5 6 |  6.7
Fighting       | 1 2 3 4 5 6 |  6.0
Dodging        | 2 3 4 5 6 |  6.4
Invocations    | 5 |  5.8
Long Blades    | |  0.5
Stealth        | |  1.0
Spellcasting   | |  1.0
Summonings     | |  1.0

Action                     |  1- 3 |  4- 6 |  7- 9 || total
---------------------------+-------+-------+-------++-------
  Melee: Sling             |       |       |     3 ||     3
   Fire: Sling             |   158 |   202 |   480 ||   840
   Cast: Summon Small Mamm |     8 |       |     2 ||    10
    Use: Scroll            |     5 |     3 |     5 ||    13
         Potion            |       |       |     9 ||     9
 Armour: Ring mail         |    69 |    56 |       ||   125
         Robe              |       |     6 |   204 ||   210
  Dodge: Dodged            |    42 |    69 |   354 ||   465

Table legend: (Time is in decaauts)
 A = Elapsed time spent in this place.
 B = Non-inter-level travel time spent in this place.
 C = Inter-level travel time spent in this place.
 D = Time resting spent in this place.
 E = Time spent auto-exploring this place.
 F = Levels seen in this place.
 G = Mean time per level.
                   A        B        C        D        E       F      G
               +--------+--------+--------+--------+--------+-----+--------+
         Total |   7254 |   6992 |    262 |      0 |   5347 |   7 | 1036.3 |
       Dungeon |   7254 |   6992 |    262 |      0 |   5347 |   7 | 1036.3 |
               +--------+--------+--------+--------+--------+-----+--------+

Top non-repeatable levels by time:
     D:6: 1846 daAuts
     D:5: 1415 daAuts
     D:3: 1349 daAuts
     D:2: 953 daAuts
     D:4: 807 daAuts
     D:1: 802 daAuts
     D:7: 80 daAuts
